 Dungeon Crawl Stone Soup version 0.22-a0-142-g91cc6d7 (webtiles) character file.

504 Azzok the Fighter (level 7, -2/50 HPs)
             Began as a Gargoyle Fighter on Feb 5, 2018.
             Was an Initiate of Okawaru.
             Slain by an ogre
             ... wielding a +0 giant club
              (15 damage)
             ... on level 5 of the Dungeon.
             The game lasted 00:09:42 (4885 turns).

Azzok the Fighter (Gargoyle Fighter)                Turns: 4885, Time: 00:09:42

Health: -2/50      AC: 15    Str: 26    XL:     7   Next: 17%
Magic:  16/16      EV:  6    Int:  8    God:    Okawaru [......]
Gold:   180        SH:  9    Dex:  9    Spells: 6/6 levels left

rFire    . . .     SeeInvis .   a - +0 long sword
rCold    . . .     Gourm    .   c - +0 shield
rNeg     + . .     Faith    .   g - +0 chain mail
rPois    ∞         Spirit   .   (no helmet)
rElec    +         Reflect  .   (no cloak)
rCorr    .         Harm     .   r - +0 pair of gloves
MR       .....                  (no boots)
Stlth    ..........             (no amulet)
HPRegen  0.16/turn              h - ring of magical power
MPRegen  0.15/turn              k - +4 ring of strength

@: no status effects
A: negative energy resistance 1, electricity resistance, unbreathing,
petrification resistance, rot immunity, AC +4
a: Renounce Religion


You were on level 5 of the Dungeon.
You worshipped Okawaru.
Okawaru was noncommittal.
You were not hungry.

You visited 2 branches of the dungeon, and saw 6 of its levels.

You collected 180 gold pieces.

Inventory:

Hand Weapons
 a - a +0 long sword (weapon)
Missiles
 i - 59 arrows
Armour
 c - a +0 shield (worn)
 g - a +0 chain mail (worn)
 r - a +0 pair of gloves (worn)
Jewellery
 h - a ring of magical power (left hand)
 k - a +4 ring of strength (right hand)
Scrolls
 e - 8 scrolls of remove curse {unknown}
 f - a scroll of fog {unknown}
 l - 2 scrolls of enchant weapon {unknown}
 m - 4 scrolls of teleportation {unknown}
 n - 5 scrolls of magic mapping {unknown}
 p - a scroll of blinking {unknown}
Potions
 d - 2 potions of degeneration {unknown}
 j - 2 potions of heal wounds {unknown}
 o - a potion of curing {unknown}
Comestibles
 q - 2 rations


   Skills:
 * Level 8.7 Fighting
 - Level 1.7 Long Blades
 - Level 3.2 Armour
 - Level 3.2 Shields


You had 6 spell levels left.
You didn't know any spells.

Dungeon Overview and Level Annotations

Branches:
Dungeon (5/15)             Temple (1/1) D:4

Altars:
Ashenzari
Cheibriados
Elyvilon
Fedhas
Gozag
Hepliaklqana
Kikubaaqudgha
Makhleb
Nemelex Xobeh
Okawaru
Qazlal
Ru
Sif Muna
Trog
Vehumet
Wu Jian
Xom
Yredelemnul
Zin
The Shining One

Annotations:
D:3 Sigmund


Innate Abilities, Weirdness & Mutations

You are resistant to torment.
Your stone body is resilient. (AC +4)
You are immune to poison.
You resist negative energy. (rN+)
You are resistant to electric shocks. (rElec)
You can survive without breathing.
You are immune to petrification.
You are immune to rotting.


Message History

The adder hisses angrily.
You block the ogre's attack.
You hit the ogre.
The ogre is moderately wounded.
You block the ogre's attack.
There is an open door here.
Your shield and chain mail prevent you from hitting the ogre.
The ogre is moderately wounded.
The ogre hits you with a giant club.
You hit the ogre.
The ogre is moderately wounded.
The ogre hits you with a giant club! The ogre hits you with a giant club!!
* * * LOW HITPOINT WARNING * * *
You hit the ogre.
The ogre is moderately wounded.
The ogre hits you but does no damage.
You hit the ogre.
The ogre is heavily wounded.
The ogre hits you with a giant club!
You die...

▒·▒▒···········
▒·▒▒···········
▒·▒▒···········
▒·▒▒···········
▒·▒▒···········
▒·▒▒···········
▒·▒▒···········
▒·▒▒·········▒
▒·@OS·········
▒▒▒▒··········
▒▒▒▒▒▒▒▒▒··


You could see an ogre and an adder.

Vanquished Creatures
  The ghost of Daviar the Cutter, an amateur OpGl (D:3)
  A scorpion (D:4)
  2 hounds (D:4)
  2 orc priests (D:4)
  An orc wizard (D:3)
  A worker ant (D:2)
  A river rat (D:4)
  2 adders
  8 oozes
  7 worms
  A dart slug (D:1)
  2 leopard geckos
  5 orcs
  9 giant cockroaches
  5 goblins
  7 hobgoblins
  5 jackals
  2 kobolds (D:1)
  A quokka (D:3)
  3 ball pythons
  9 bats
  3 frilled lizards
  8 rats
86 creatures vanquished.

Notes
Turn   | Place    | Note
-------+----------+-------------------------------------------
     0 | D:1      | Azzok the Gargoyle Fighter began the quest for the Orb.
     0 | D:1      | Reached XP level 1. HP: 14/14 MP: 1/1
     1 | D:1      | Found a runed door.
   166 | D:1      | Reached XP level 2. HP: 20/20 MP: 2/2
   176 | D:1      | Reached skill level 4 in Fighting
   704 | D:1      | Reached XP level 3. HP: 24/24 MP: 3/3
   745 | D:1      | Reached skill level 5 in Fighting
   863 | D:1      | Reached XP level 4. HP: 19/31 MP: 4/4
  1258 | D:2      | Found a faded altar of an unknown god.
  1934 | D:3      | Noticed Daviar's ghost (amateur OpGl)
  1946 | D:2      | Reached skill level 6 in Fighting
  1946 | D:2      | Reached XP level 5. HP: 29/36 MP: 5/5
  2419 | D:3      | Killed Daviar's ghost
  2419 | D:3      | Reached skill level 7 in Fighting
  2419 | D:3      | Reached XP level 6. HP: 24/44 MP: 6/6
  2919 | D:3      | Noticed Sigmund
  3862 | D:4      | Found a staircase to the Ecumenical Temple.
  3876 | Temple   | Entered the Ecumenical Temple
  4041 | Temple   | Became a worshipper of Warmaster Okawaru
  4094 | D:4      | Reached skill level 8 in Fighting
  4508 | D:4      | Reached XP level 7. HP: 43/50 MP: 7/7
  4836 | D:5      | Entered Level 5 of the Dungeon
  4885 | D:5      | Slain by an ogre

Vault maps used:
D:1:      dpeg_arrival_caged_fury
D:2:      chequers_ecumenical_altar_island, nrook_mini_vaults
D:3:      kennysheep_donut, uniq_sigmund
D:4:      temple_statues, gup_sewer_entry_bowl, serial_glass, glass_columns_b,
          glass_columns_a, glass_columns_a, glass_columns_c, glass_columns_b,
          feat_on_display, feat_on_display
D:5:      first_ration
Temple:   roderic_octagonal_lattice_temple

Skill      XL: |  1  2  3  4  5  6 |
---------------+-------------------+-----
Fighting       | 4 5 6 7 8 |  8.7
Long Blades    | |  1.7
Armour         | |  3.2
Shields        | |  3.2

Action                   |  1- 3 |  4- 6 |  7- 9 || total
-------------------------+-------+-------+-------++-------
Melee: Long sword        |   125 |   279 |    29 ||   433
  Use: Potion            |       |     1 |       ||     1
  Eat: Chunk             |       |     9 |     1 ||    10
       Ration            |       |     1 |       ||     1
Armor: Scale mail        |    70 |   108 |       ||   178
       Chain mail        |       |    68 |    11 ||    79
Dodge: Dodged            |    33 |    73 |     4 ||   110
Block: Shield            |    52 |   146 |    12 ||   210
       Rpst.: Long sword |    16 |    25 |     1 ||    42

Table legend:
 A = Spawn XP
 B = Non-spawn XP
 C = Spawn XP percentage of total XP
 D = Spawn monster count
 E = Non-spawn monster count
 F = Spawn count percentage of total count
 G = Total turns spent on level
                    A         B        C        D         E        F      G
               +---------+---------+-------+---------+---------+-------+---------
         Total |       0 |     720 |   0.0 |       0 |      86 |   0.0 |  4885
               +---------+---------+-------+---------+---------+-------+---------
           D:1 |       0 |     100 |   0.0 |       0 |      38 |   0.0 |   994
           D:2 |       0 |      76 |   0.0 |       0 |      13 |   0.0 |  1949
           D:3 |       0 |     257 |   0.0 |       0 |      21 |   0.0 |   794
           D:4 |       0 |     285 |   0.0 |       0 |      13 |   0.0 |   912
           D:5 |       0 |       2 |   0.0 |       0 |       1 |   0.0 |    49
               +---------+---------+-------+---------+---------+-------+---------
